 Dungeon Crawl Stone Soup version 0.24.0-13-gcf9b3192b9 (webtiles) character file.

Game seed: 14683871236832370577, levelgen mode: deterministic

611 Kobob the Ruffian (level 7, -5/66 HPs)
             Began as a Troll Fighter on Nov 7, 2019.
             Slain by an ogre
             ... wielding a +0 giant club
              (7 damage)
             ... on level 4 of the Dungeon.
             The game lasted 00:12:31 (2965 turns).

Kobob the Ruffian (Troll Fighter)                   Turns: 2965, Time: 00:12:32

Health: -5/66      AC:  8    Str: 27    XL:     7   Next: 20%
Magic:  6/6        EV: 11    Int:  4    God:
Gold:   159        SH:  0    Dex:  9    Spells: 6/6 levels left

rFire    . . .     SeeInvis .   t - +0 giant club
rCold    . . .     Gourm    +   (shield currently unavailable)
rNeg     . . .     Faith    .   a - +0 robe
rPois    .         Spirit   .   s - +2 hat
rElec    .         Reflect  .   (no cloak)
rCorr    .         Harm     .   (gloves unavailable)
MR       .....                  (boots unavailable)
Stlth    +.........             (no amulet)
HPRegen  0.61/turn              (no ring)
MPRegen  0.10/turn              (no ring)

@: studying Summonings
A: large, unfitting armour, claws 3, fast metabolism 3, gourmand, regeneration
1, shaggy fur 1, tough skin 3
a: no special abilities


You were on level 4 of the Dungeon.
You were very full.

You visited 1 branch of the dungeon, and saw 5 of its levels.

You collected 159 gold pieces.

Inventory:

Hand Weapons
 t - a +0 giant club (weapon)
Missiles
 l - 62 stones (quivered)
Armour
 a - a +0 robe (worn)
 b - a +0 shield
 s - a +2 hat (worn)
Scrolls
 h - a scroll of blinking {unknown}
 i - 2 scrolls of teleportation
 j - 3 scrolls of identify
 o - 3 scrolls of noise
 q - 4 scrolls of remove curse
Potions
 c - a potion of might
 e - 2 potions of lignification
 f - a potion of mutation
 g - 5 potions of curing
 m - 2 potions of berserk rage
 n - a potion of flight
 p - a potion of agility {unknown}
Books
 k - a manual of Summonings
Comestibles
 d - 10 rations


   Skills:
 + Level 2.8 Fighting
 + Level 0.3 Maces & Flails
 + Level 0.1 Throwing
 + Level 4.2 Dodging
 + Level 0.2 Stealth
 + Level 3.8 Shields
 + Level 5.3 Unarmed Combat


You had 6 spell levels left.
You didn't know any spells.
Your spell library was empty.

Dungeon Overview and Level Annotations

Branches:
Dungeon (5/15)
 Temple: D:4-7

Altars:


Innate Abilities, Weirdness & Mutations

You are too large for most types of armour.
You have claws for hands.
Your metabolism is lightning-fast.
You like to eat raw meat.
Your natural rate of healing is unusually fast.
You are covered in fur. (AC +1)
You have extremely tough skin. (AC +3)


Message History

You closely miss the scorpion.
The scorpion is severely wounded.
The scorpion stings you.
* * * LOW HITPOINT WARNING * * *
The ogre closely misses you. The scorpion barely misses you.
You hit the scorpion.
The scorpion is almost dead.
The scorpion stings you.
* * * LOW HITPOINT WARNING * * *
The ogre hits you with a +0 giant club.
* * * LOW HITPOINT WARNING * * *
You bludgeon the scorpion!!
You kill the scorpion!
The ogre closely misses you.
Items here: ))))) [[[ † You barely miss the ogre.
The ogre hits you with a +0 giant club!!
* * * LOW HITPOINT WARNING * * *
The ogre hits you with a +0 giant club!
You die...

#....####..##......#...........#
##..#######..#......#>..........#
#..##...####.#......#.....<.....#
#.#......###.#......##..........#
#.........##.#.........######...#
##....#...##........#.## #....#
#........#..#......#># #....#
#.......##.#...#...[.# #.####
##.#....#.....#@.##### ####.#
#..##..#....##O.## ###....#
#.####.........## ####...####
##.####.........####....(.#
.........#.....##.#.......#
..........................#
.........#.........#......#
..................##......#
...#.###..#...............#


You could see an ogre.

Vanquished Creatures
  A phantom (D:4)
  An ogre (D:4)
  A scorpion (D:4)
  3 orc priests
  An orc wizard (D:4)
  A bullfrog skeleton (D:4)
  An iguana (D:5)
  3 worker ants (D:4)
  4 adders
  3 gnolls (D:3)
  A dart slug (D:2)
  3 leopard geckos
  13 orcs
  2 giant cockroaches
  4 goblins
  3 hobgoblins
  6 jackals (D:2)
  3 kobolds
  A quokka (D:2)
  11 bats
  8 frilled lizards
  5 rats
79 creatures vanquished.

Notes
Turn   | Place    | Note
-------+----------+-------------------------------------------
     0 | D:1      | Kobob the Troll Fighter began the quest for the Orb.
     0 | D:1      | Reached XP level 1. HP: 22/22 MP: 0/0
   207 | D:1      | Reached XP level 2. HP: 27/29 MP: 1/1
  1161 | D:2      | Reached XP level 3. HP: 30/36 MP: 2/2
  1662 | D:3      | Reached skill level 3 in Unarmed Combat
  1855 | D:3      | Reached XP level 4. HP: 44/44 MP: 3/3
  2132 | D:3      | Reached XP level 5. HP: 50/50 MP: 4/4
  2454 | D:4      | Reached skill level 4 in Unarmed Combat
  2462 | D:4      | Reached XP level 6. HP: 38/59 MP: 5/5
  2685 | D:4      | Reached skill level 5 in Unarmed Combat
  2732 | D:4      | Reached XP level 7. HP: 41/66 MP: 6/6
  2913 | D:5      | Entered Level 5 of the Dungeon
  2963 | D:4      | HP: 1/66 [ogre/+0 giant club (27)]
  2965 | D:4      | Slain by an ogre

Levels and vault maps discovered:
D:1:      co_arrival_random_square_maze, layout_basic
D:2:      layout_loops_corners
D:3:      layout_basic
D:4:      layout_rooms, first_ration, minmay_manual_moon
D:5:      layout_loops_ring, gammafunk_ghost_cemetery,
          gup_ossuary_entry_pyramid, serial_shops, shop, minmay_liquid_box

Skill      XL: |  1  2  3  4  5  6 |
---------------+-------------------+-----
Shields        | 3 |  3.8
Unarmed Combat | 3 4 5 |  5.3
Dodging        | 3 4 |  4.2
Fighting       | |  2.8
Maces & Flails | |  0.3
Throwing       | |  0.1
Stealth        | |  0.2

Action                   |  1- 3 |  4- 6 |  7- 9 || total
-------------------------+-------+-------+-------++-------
Melee: Unarmed           |   147 |   133 |       ||   280
       Giant club        |       |     2 |    11 ||    13
Throw: Stone             |       |     2 |       ||     2
  Use: Scroll            |       |    11 |       ||    11
 Stab: Sleeping          |     1 |       |     1 ||     2
  Eat: Chunk             |    21 |    10 |       ||    31
Armor: Robe              |    55 |    35 |     3 ||    93
Dodge: Dodged            |    51 |    39 |     9 ||    99
Block: Shield            |    53 |    61 |       ||   114
